 Dungeon Crawl Stone Soup version 0.26-a0-665-gefeb406119 (webtiles) character file.

Game seed: 8220769705450738440

20 somkeydreadnuts the Vexing (level 2, 0/23 HPs)
             Began as a Gnoll Arcane Marksman on Oct 15, 2020.
             Slain by a jackal (1 damage)
             ... on level 2 of the Dungeon.
             The game lasted 00:03:39 (845 turns).

somkeydreadnuts the Vexing (Gnoll Arcane Marksman)   Turns: 845, Time: 00:03:40

Health: 0/23       AC:  2    Str: 12    XL:     2   Next: 79%
Magic:  5/5        EV: 14    Int: 15    God:
Gold:   69         SH:  0    Dex: 15    Spells: 5/6 levels left

rFire    . . .     SeeInvis .   i - +0 short sword
rCold    . . .     Faith    .   (no shield)
rNeg     . . .     Spirit   .   e - +0 robe
rPois    .         Reflect  .   (no helmet)
rElec    .         Harm     .   b - scarf {repulsion}
rCorr    .         Rampage  .   (no gloves)
MR       .....                  (no boots)
Stlth    ++........             (no amulet)
HPRegen  0.07/turn              (no ring)
MPRegen  0.09/turn              (no ring)

@: repel missiles
A: distributed training, fangs 1, strong nose
a: no special abilities


You were on level 2 of the Dungeon.
You visited 1 branch of the dungeon, and saw 2 of its levels.

You collected 69 gold pieces.

Inventory:

Hand Weapons
 a - a +0 shortbow
 h - a +0 hunting sling
 i - a +0 short sword (weapon)
Missiles
 d - 15 arrows
Armour
 b - a scarf of repulsion (worn)
 e - a +0 robe (worn)
Scrolls
 c - 5 scrolls of identify {unknown}
 l - a scroll of teleportation {unknown}
Potions
 f - a potion of might {unknown}
 j - a potion of haste {unknown}
 m - a potion of degeneration {unknown}


   Skills:
 + Level 2.5 Fighting
 + Level 0.5 Short Blades
 + Level 0.5 Long Blades
 + Level 0.5 Axes
 + Level 0.5 Maces & Flails
 + Level 0.5 Polearms
 + Level 0.5 Staves
 + Level 0.5 Slings
 + Level 4.5 Bows
 + Level 0.5 Crossbows
 + Level 0.5 Throwing
 + Level 0.5 Armour
 + Level 4.5 Dodging
 + Level 0.5 Stealth
 + Level 0.5 Shields
 + Level 0.5 Unarmed Combat
 + Level 2.7 Spellcasting
 + Level 0.3 Conjurations
 + Level 5.3 Hexes
 + Level 0.3 Summonings
 + Level 0.3 Necromancy
 + Level 0.3 Translocations
 + Level 0.3 Transmutations
 + Level 0.3 Fire Magic
 + Level 0.3 Ice Magic
 + Level 0.3 Air Magic
 + Level 0.3 Earth Magic
 + Level 0.3 Poison Magic
 + Level 0.6 Invocations
 + Level 0.5 Evocations


You had 5 spell levels left.
You knew the following spells:

 Your Spells              Type           Power        Failure   Level
a - Corona                Hex            ###....      2%          1

Your spell library contained the following spells:

 Spells                   Type           Power        Failure   Level
 Slow                     Hex            ###.....     3%          2
 Inner Flame              Hex/Fire       ##......     19%         3
 Portal Projectile        Hex/Tloc       ##....       19%         3
 Cause Fear               Hex            ###.......   22%         4
 Leda's Liquefaction      Hex/Erth       ##........   54%         4


Dungeon Overview and Level Annotations

Branches:
Dungeon (2/15)

Altars:


Innate Abilities, Weirdness & Mutations

Your experience applies equally to all skills.
You have very sharp teeth.
Your uncanny sense of smell can sniff out nearby items.


Message History

You hit the jackal.
The jackal is heavily wounded.
The jackal bites you. The hobgoblin misses you. The jackal bites you.
The jackal misses you.
You closely miss the jackal.
The jackal is heavily wounded.
The jackal closely misses you. The jackal misses you.
The jackal closely misses you. The hobgoblin closely misses you.
The jackal misses you. The jackal closely misses you. The jackal misses you.
You hit the jackal.
You kill the jackal!
The hobgoblin hits you.
* * * LOW HITPOINT WARNING * * *
The jackal bites you.
* * * LOW HITPOINT WARNING * * *
The jackal bites you.
* * * LOW HITPOINT WARNING * * *
You hit the jackal but do no damage. You bite the jackal, but do no damage.
The jackal bites you.
You die...

.... .#. .. #( ##
#(####.#
###.w....#
...#..hhg.#[#
#.....@....# ∆
.....####...###.#
<.# #.........#
#####.†..#####
##........#####
.......<.......
..........#####
.........##
........##


You could see a worm, 2 jackals and a hobgoblin.

Vanquished Creatures
  A dart slug (D:1)
  A giant cockroach (D:1)
  4 goblins
  A hobgoblin (D:1)
  2 jackals (D:2)
  A bat (D:1)
  A frilled lizard (D:1)
  3 kobolds (D:1)
  3 rats
17 creatures vanquished.

Notes
Turn   | Place    | Note
-------+----------+-------------------------------------------
     0 | D:1      | somkeydreadnuts the Gnoll Arcane Marksman began the quest
                  | for the Orb.
     0 | D:1      | Reached XP level 1. HP: 17/17 MP: 4/4
   105 | D:1      | Reached XP level 2. HP: 23/23 MP: 5/5
   844 | D:2      | HP: 1/23 [jackal (1)]
   845 | D:2      | Slain by a jackal

Illustrated notes

Levels and vault maps discovered:
D:1:      dpeg_arrival_round_b, layout_loops_ring, minmay_pentomino_u2
D:2:      layout_basic, chequers_ecumenical_altar_simple, nemelex_altar_shiori,
          uniq_terence

Action                   || total
-------------------------++-------
Melee: Short sword       ||    30
       Whip              ||    24
       Bite              ||    10
 Fire: Shortbow          ||    14
  Use: Scroll            ||     1
 Stab: Sleeping          ||     3
Armor: Robe              ||    11
Dodge: Dodged            ||    59

Table legend: (Time is in decaauts)
 A = Elapsed time spent in this place.
 B = Non-inter-level travel time spent in this place.
 C = Inter-level travel time spent in this place.
 D = Time resting spent in this place.
 E = Time spent auto-exploring this place.
 F = Levels seen in this place.
 G = Mean time per level.
                   A        B        C        D        E       F      G
               +--------+--------+--------+--------+--------+-----+--------+
         Total |    847 |    845 |      2 |      0 |    542 |   2 |  423.5 |
       Dungeon |    847 |    845 |      2 |      0 |    542 |   2 |  423.5 |
               +--------+--------+--------+--------+--------+-----+--------+

Top non-repeatable levels by time:
     D:1: 814 daAuts
     D:2: 32 daAuts
